 Dungeon Crawl Stone Soup version 0.31-a0-542-gdc2a67831c (console) character file.

Game seed: 13219359993811653997

689 Lexodia the Cudgeller (level 7, -9/70 HPs)
             Began as an Ogre Gladiator on Aug 14, 2023.
             Was an Initiate of Elyvilon.
             Mangled by Prince Ribbit (14 damage)
             ... on level 5 of the Dungeon.
             The game lasted 00:07:04 (4560 turns).

Lexodia the Cudgeller (Ogre Gladiator)              Turns: 4560, Time: 00:07:05

Health: -9/70      AC: 10    Str: 21    XL:     7   Next: 63%
Magic:  0/8        EV: 10    Int:  9    God:    Elyvilon [......]
Gold:   190        SH:  0    Dex: 10    Spells: 6/6 levels left

rFire   . . .        B - +0 morningstar (protect)
rCold   . . .        (no shield)
rNeg    . . .        b - +0 robe
rPois   +            c - +0 hat
rElec   .            (no cloak)
rCorr   .            (gloves unavailable)
SInv    .            (boots unavailable)
Will    .....        w - amulet of guardian spirit
Stlth   +            g - ring of poison resistance
HPRegen 0.31/turn    (no ring)
MPRegen 0.11/turn

%: guardian spirit
@: under a protective aura
A: large, unfitting armour, tough skin 1
a: Renounce Religion


You were on level 5 of the Dungeon.
You worshipped Elyvilon.
Elyvilon was noncommittal.
You visited 1 branch of the dungeon, and saw 5 of its levels.

You collected 190 gold pieces.

Inventory:

Hand Weapons
 a - a +0 flail
 o - a +0 whip
 B - a +0 morningstar of protection (weapon)
Missiles
 d - 2 throwing nets (quivered)
 n - 36 stones
 y - 6 poisoned darts
Armour
 b - a +0 robe (worn)
 c - a +0 hat (worn)
Jewellery
 g - a ring of poison resistance (left hand)
 v - a ring of fire
 w - an amulet of guardian spirit (around neck)
 x - a ring of willpower
 z - a ring of wizardry
Scrolls
 f - 2 scrolls of immolation {unknown}
 h - a scroll of vulnerability {unknown}
 l - 2 scrolls of fear {unknown}
 m - a scroll of noise {unknown}
 p - a scroll of silence {unknown}
 s - 5 scrolls of identify {unknown}
 t - a scroll of fog {unknown}
Potions
 i - 3 potions of lignification {unknown}
 j - a potion of curing {unknown}
 k - 2 potions of degeneration {unknown}
 q - a potion of heal wounds {unknown}
 r - a potion of brilliance {unknown}
 u - 2 potions of attraction {unknown}
 A - a potion of berserk rage {unknown}


   Skills:
 - Level 4.0 Fighting
 * Level 6.2 Maces & Flails
 + Level 4.5 Throwing
 - Level 3.0 Dodging
 - Level 2.0 Invocations


You had 6 spell levels left.
You didn't know any spells.
Your spell library contained the following spells:

 Spells                   Type           Power      Damage    Failure   Level
 Sting                    Tmut/Pois      0%         1d3       38%         1
 Poisonous Vapours        Pois/Air       0%         N/A       52%         2
 Olgreb's Toxic Radiance  Pois           0%         N/A       99%         4


Dungeon Overview and Level Annotations

Branches:
Dungeon (5/15)
 Temple: D:4-7

Altars:
Elyvilon
Fedhas
Nemelex Xobeh
Trog
Xom

Shops:
D:2 (

Annotations:
D:4 1 runed translucent door, Gargoyl's ghost, novice GrBe
D:5 Prince Ribbit


Innate Abilities, Weirdness & Mutations

You are too large for most types of armour.
You have tough skin. (AC +1)


Message History

You miss Prince Ribbit. Prince Ribbit hits you!
Prince Ribbit closely misses you.
Huge Dmg: -20%(-14hp) hp: 32%(22hp) Throw: 3 throwing nets
Press: ? - help, Q - select action, (/) - cycle Shift-Dir - straight line, f - Prince Ribbit
Aim: Prince Ribbit (34% to hit)
You throw a throwing net. The throwing net hits Prince Ribbit.
Prince Ribbit is caught in the net!
Prince Ribbit struggles against the net.
Unknown command.
You thump Prince Ribbit!
Your weapon exudes an aura of protection.
Prince Ribbit is heavily wounded.
Prince Ribbit struggles against the net. x2
You strike the helpless Prince Ribbit from behind!
You sock Prince Ribbit!
Prince Ribbit is severely wounded.
Prince Ribbit struggles against the net.
You puncture Prince Ribbit!
Prince Ribbit is almost dead.
Prince Ribbit struggles against the net.
The net rips apart, and Prince Ribbit comes free!
Prince Ribbit hits you but does no damage.
You closely miss Prince Ribbit.
Prince Ribbit is almost dead.
Prince Ribbit hits you!
* * * LOW HITPOINT WARNING * * *
Prince Ribbit hits you!
* * * LOW HITPOINT WARNING * * *
Huge Dmg: -25%(-18hp) hp: 8%(5hp) Throw: large rock
Press: ? - help, Shift-Dir - straight line, f/p - Prince Ribbit
Aim: Prince Ribbit (almost dead, 34% to hit)
You throw a large rock.
The large rock barely misses Prince Ribbit.
Prince Ribbit croaks regally.
Prince Ribbit hits you! Elyvilon protects you from harm!
Prince Ribbit hits you!
You die...

..### #..#.#. .#
..###.#..#.#. .#
.(.......[<#. .#
.#.##.$...$#. .#
. #.#...!..#. ...
#.#.......####
.... #
#....#....(# ...
#....#.###F# #..
#....#.#
#@#####.#
#....#.#
#...%##<# ######.
#####..#.#
..#.........#
###......>..#
#........##
#.......†########
#...............#
#######'#.#####.#


You could see Prince Ribbit.

Vanquished Creatures
  Sigmund (D:2)
  A phantom (D:4)
  A scorpion (D:4)
  A howler monkey (D:4)
  2 orc priests (D:4)
  3 hounds
  An orc wizard (D:5)
  A gnoll (D:1)
  5 adders
  An ufetubus (D:3)
  5 worms (D:2)
  A dart slug (D:1)
  5 orcs
  8 ball pythons
  8 bats
  8 endoplasms
  7 giant cockroaches
  4 goblins
  12 hobgoblins
  3 jackals (D:3)
  8 kobolds
  4 quokkas
  7 frilled lizards
  4 rats
101 creatures vanquished.

Notes
Turn   | Place    | Note
-------+----------+-------------------------------------------
     0 | D:1      | Lexodia the Ogre Gladiator began the quest for the Orb.
     0 | D:1      | Reached XP level 1. HP: 22/22 MP: 1/1
   131 | D:1      | Reached XP level 2. HP: 23/29 MP: 2/2
   169 | D:1      | Reached skill level 3 in Maces & Flails
   169 | D:1      | Huge Dmg: 7 dmg
   371 | D:1      | Reached XP level 3. HP: 37/37 MP: 3/3
  1151 | D:2      | Huge Dmg: 8 dmg
  1237 | D:2      | Noticed Sigmund
  1242 | D:2      | Huge Dmg: 9 dmg
  1243 | D:2      | Huge Dmg: 10 dmg
  1247 | D:2      | Huge Dmg: 4 dmg
  1247 | D:2      | Killed Sigmund
  1248 | D:2      | Reached skill level 4 in Maces & Flails
  1248 | D:2      | Reached XP level 4. HP: 20/48 MP: 4/4
  1248 | D:2      | Reached XP level 5. HP: 22/54 MP: 5/5
  1248 | D:2      | Reached XP level 6. HP: 25/62 MP: 6/6
  1970 | D:2      | Found Liodoh's Antique Weapon Shoppe.
  2180 | D:3      | Found a sparkling altar of Nemelex Xobeh.
  2211 | D:3      | Reached skill level 5 in Maces & Flails
  2673 | D:3      | Found a faded altar of an unknown god.
  2922 | D:3      | Found a bloodstained altar of Trog.
  2926 | D:3      | Found a white marble altar of Elyvilon.
  2934 | D:3      | Became a worshipper of Elyvilon the Healer
  2992 | D:4      | Noticed Gargoyl's ghost (novice GrBe)
  2996 | D:4      | Found a runed translucent door.
  3022 | D:4      | Huge Dmg: 7 dmg
  3160 | D:4      | Reached skill level 1 in Invocations
  3160 | D:4      | Reached XP level 7. HP: 35/70 MP: 7/7
  3351 | D:4      | Huge Dmg: 9 dmg
  3542 | D:5      | Entered Level 5 of the Dungeon
  3569 | D:5      | Huge Dmg: 12 dmg
  3572 | D:5      | Huge Dmg: 4 dmg
  3885 | D:4      | Reached skill level 6 in Maces & Flails
  3893 | D:4      | Found a shimmering altar of Xom.
  4300 | D:5      | Found a blossoming altar of Fedhas.
  4547 | D:5      | Noticed Prince Ribbit
  4552 | D:5      | Huge Dmg: 14 dmg
  4555 | D:5      | Huge Dmg: 14 dmg
  4560 | D:5      | Huge Dmg: 18 dmg
  4560 | D:5      | Elyvilon protects you from harm!
  4560 | D:5      | Mangled by Prince Ribbit

Illustrated notes

Levels and vault maps discovered:
D:1:      heliophobic_arrival_dark_side_of_the_moon, layout_basic,
          serial_bayou_ford_a
D:2:      cheibrodos_old_hovel, layout_loops_cross, serial_shops,
          nicolae_shop_real_fake_doors, minmay_heptomino_d4, uniq_sigmund
D:3:      layout_loops_ring, minitemple, shapermc_ecumenical_altar_hornbeckon
D:4:      layout_rooms, xom_butterflies, hellmonk_ghost_happy_afterlife
D:5:      layout_basic, fedhas_altar_1, uniq_prince_ribbit1

Skill      XL: |  1  2  3  4  5  6  7 |
---------------+----------------------+-----
Maces & Flails | 3 4 5 6 |  6.2
Fighting       | 3 4 |  4.0
Dodging        | 3 |  3.0
Throwing       | 3 4 |  4.5
Invocations    | 1 2 |  2.0

Action                     |  1- 3 |  4- 6 |  7- 9 || total
---------------------------+-------+-------+-------++-------
  Melee: Flail             |   100 |   124 |   101 ||   325
         Morningstar       |       |       |    25 ||    25
         Punch             |       |       |     1 ||     1
  Throw: Large rock        |       |       |     1 ||     1
         Throwing net      |       |       |     1 ||     1
   Stab: Sleeping          |     1 |     1 |       ||     2
         Held in net/web   |       |       |     1 ||     1
 Armour: Robe              |    24 |    36 |    29 ||    89
  Dodge: Dodged            |    53 |    63 |    61 ||   177

Table legend: (Time is in decaauts)
 A = Elapsed time spent in this place.
 B = Non-inter-level travel time spent in this place.
 C = Inter-level travel time spent in this place.
 D = Time resting spent in this place.
 E = Time spent auto-exploring this place.
 F = Levels seen in this place.
 G = Mean time per level.
                   A        B        C        D        E       F      G
               +--------+--------+--------+--------+--------+-----+--------+
         Total |   4621 |   4358 |    263 |    130 |   3424 |   5 |  924.2 |
       Dungeon |   4621 |   4358 |    263 |    130 |   3424 |   5 |  924.2 |
               +--------+--------+--------+--------+--------+-----+--------+

Top non-repeatable levels by time:
     D:4: 1335 daAuts
     D:1: 1118 daAuts
     D:3: 951 daAuts
     D:2: 942 daAuts
     D:5: 273 daAuts
